Map: Rhoskallian LE

Players

Massa

  • Race: Terran Terran
  • League: Platinum
  • Spawn Location: 6:00

qqq

  • Race: Zerg Zerg
  • Spawn Location: 5:00

agliza - Winner!

  • Race: Terran Terran
  • Spawn Location: 11:00

LaretS - Winner!

  • Race: Zerg Zerg
  • League: Diamond
  • Spawn Location: 12:00

VOD

Have the link to the VOD?

Description

Time

  • Played on: Feb. 7, 2021, 11:39 a.m.
  • Length: 17:11
Show
View Real Time Build Order
Export as new Build Order

Massa Terran 

Build Orders:  

Get SALT Encoding   

  12  0:00  SCV  
  13  0:12  SCV  
  14  0:24  SCV, Supply Depot  
  15  0:34  Refinery  
  15  0:46  SCV  
  15  0:48  Barracks  
  16  0:51  Refinery  
  16  0:58  SCV  
  17  1:10  SCV  
  18  1:15  Barracks  
  18  1:22  SCV  
  19  1:35  Reaper, Supply Depot  
  20  1:41  SCV  
  21  1:55  Orbital Command  
  21  2:03  Reaper  
  21  2:08  Reaper  
  23  2:18  Supply Depot  
  23  2:26  SCV  
  24  2:35  Reaper  
  25  2:40  Reaper  
  26  3:02  Command Center  
  26  3:08  Factory  
  26  3:13  Barracks Tech Lab  
  26  3:17  Barracks Reactor  
  26  3:23  SCV  
  27  3:35  SCV  
  24  3:54  Hellion, Marine  
  24  3:55  Marine  
  27  3:56  Marauder  
  29  4:05  Barracks  
  29  4:12  SCV  
  29  4:14  Orbital Command  
  30  4:20  Marine x2  
  30  4:23  Hellion  
  34  4:24  SCV  
  34  4:27  Marauder  
  37  4:35  Starport, Engineering Bay  
  37  4:48  Marauder, Marine x2  
  37  4:58  Marine  
  30  5:04  Hellion  
  30  5:06  Marine x2  
  34  5:10  Marauder  
  36  5:16  Marine  
  36  5:19  SCV x2  
  39  5:26  Hellion  
  39  5:28  Marine x2  
  42  5:31  SCV x2  
  42  5:33  Marine  
  46  5:44  Marine  
  46  5:46  Marine  
  46  5:49  Widow Mine  
  51  5:50  SCV x2, Marine  
  51  5:53  Starport Tech Lab  
  53  6:02  SCV  
  54  6:10  Supply Depot  
  54  6:12  Cloaking Field, Supply Depot  
  54  6:14  Terran Infantry Weapons Level 1  
  54  6:27  Refinery  
  54  6:28  Supply Depot  
  54  6:31  Missile Turret  
  54  6:32  Banshee, Marine, SCV x2  
  60  6:33  Factory Tech Lab  
  60  6:34  Missile Turret  
  60  6:41  Supply Depot  
  60  6:43  Armory, Supply Depot  
  60  6:44  SCV x2  
  60  6:46  Marine x2  
  64  6:55  Siege Tank  
  64  6:56  SCV x2  
  71  7:08  SCV x2  
  71  7:11  Sensor Tower  
  71  7:14  Banshee  
  74  7:17  Barracks Tech Lab  
  74  7:23  Marine  
  74  7:24  Marine  
  74  7:27  Barracks Tech Lab, Siege Tank  
  74  7:29  Refinery  
  79  7:32  Barracks  
  79  7:35  Command Center  
  79  7:39  Marauder  
  79  7:41  Marine x2  
  83  7:44  Stimpack  
  83  7:47  Combat Shield  
  86  7:58  Medivac  
  86  7:59  Marine x2  
  86  8:00  Marauder  
  89  8:43  Marauder x2, Marine  
  89  8:46  Marine x2, Siege Tank  
  99  8:52  Terran Infantry Weapons Level 2  
  99  8:53  Supply Depot  
  99  8:54  Supply Depot  
  99  8:55  Supply Depot x2  
  99  9:01  Marine  
  100  9:04  Marauder x2, Marine x2  
  103  9:18  Siege Tank  
  103  9:25  Marauder, Missile Turret  
  103  9:39  Marauder, Marine x3  
  108  9:47  Marauder  
  110  9:57  Marine x3  
  113  10:00  Marauder  
  101  10:08  Marauder  
  101  10:21  Medivac  
  103  10:31  Siege Tank  
  103  10:33  Marauder x2, Marine x3  
  71  10:51  Marine x3, Medivac  
  71  10:54  Marauder x2  
  77  11:04  Siege Tank  
  80  11:14  Planetary Fortress  
  80  11:15  Marauder x2  
  84  11:21  Medivac  
  84  11:24  SCV x2  
  88  11:35  Marine x2  
  88  11:36  SCV x2, Siege Tank  
  88  11:37  Marauder x2  
  99  11:42  Command Center  
  96  11:48  SCV x2  
  96  11:51  Medivac  
  100  11:58  Marauder x2  
  100  12:00  SCV x2  
  104  12:12  SCV x2  
  100  12:20  Marauder  
  86  12:31  Marauder, Marine x3  
  91  12:38  SCV x3  
  91  12:41  Marauder  
  96  12:49  Siege Tank  
  96  12:50  SCV x3  
  96  12:51  Marine x2  
  89  12:52  Marauder  
  89  12:53  Barracks Tech Lab  
  91  13:00  Factory  
  91  13:01  Factory  
  91  13:02  Terran Infantry Armor Level 1, Marauder, SCV x2  
  91  13:03  SCV  
  91  13:04  Terran Vehicle Weapons Level 1  
  96  13:06  Planetary Fortress  
  96  13:08  Marine  
  96  13:09  Marine  
  98  13:14  SCV x2, Marauder  
  98  13:15  SCV  
  103  13:22  Siege Tank  
  103  13:24  Marauder  
  103  13:26  SCV  
  103  13:27  SCV  
  110  13:46  Marine x4  
  110  13:47  Marine  
  112  13:49  Orbital Command  
  114  14:04  Marine x4  
  114  14:13  Factory Tech Lab  
  114  14:14  Factory Tech Lab  
  110  14:32  Command Center  
  110  14:37  Siege Tank x2  
  118  14:38  Marauder  
  118  14:39  Concussive Shells  
  118  14:44  Command Center  
  120  15:00  Marauder  
  112  15:09  Siege Tank  
  112  15:11  Marauder x2, Marine x2  
  99  15:18  Siege Tank  
  90  15:21  Marauder  
  87  15:28  Marine  
  87  15:29  Marine  
  87  15:32  Marauder x2  
  93  15:37  Barracks  
  93  15:40  Refinery, Barracks x2  
  93  15:41  Siege Tank  
  93  15:42  Refinery  
  98  15:43  Refinery, Marauder  
  98  15:45  Refinery  
  98  15:46  Marine x2  
  100  15:50  Siege Tank  
  100  15:53  Marauder, Marine  
  101  16:04  Marauder, Marine x2  
  88  16:11  Marauder  
  88  16:13  Siege Tank  
  88  16:14  Marine  
  86  16:22  Marine x2  
  86  16:25  Marine  
  88  16:32  Marine x2  
  90  16:33  Refinery  
  90  16:34  Refinery  
  82  16:40  Marine x2  
  82  16:43  Marine  
  76  16:50  Marine  
  76  16:53  Barracks Tech Lab  
  72  17:00  Barracks Reactor  
  68  17:02  Barracks Tech Lab  
Show
View Real Time Build Order
Export as new Build Order

qqq Zerg 

Build Orders: Hatch First 

Get SALT Encoding   

  12  0:00  Drone  
  13  0:13  Drone  
  14  0:19  Overlord  
  14  0:52  Hatchery  
  13  0:57  Drone x2  
  13  0:59  Drone  
  16  1:08  Extractor  
  14  1:40  Spawning Pool  
  13  1:49  Drone  
  14  1:56  Drone  
  14  2:00  Hatchery  
  14  2:02  Drone  
  16  2:08  Drone  
  16  2:14  Drone  
  17  2:19  Drone  
  18  2:27  Metabolic Boost  
  18  2:31  Drone  
  18  2:36  Drone  
  20  2:39  Drone  
  20  2:43  Drone  
  22  2:53  Queen  
  24  3:06  Queen  
  24  3:07  Drone  
  24  3:11  Overlord  
  27  3:15  Zergling x2  
  27  3:17  Zergling x2  
  29  3:21  Drone  
  29  3:24  Zergling x2  
  31  3:29  Overlord  
  31  3:32  Zergling x2  
  32  3:36  Drone  
  32  3:37  Zergling x2  
  32  3:40  Zergling x2  
  35  3:42  Zergling x2  
  36  3:50  Lair  
  36  3:54  Zergling x2  
  37  3:55  Drone  
  37  3:58  Drone  
  37  4:01  Drone  
  40  4:17  Zergling x2  
  40  4:18  Zergling x6  
  40  4:19  Zergling x2  
  40  4:22  Zergling x8  
  45  4:27  Drone  
  45  4:31  Zergling x4  
  48  4:32  Drone  
  48  4:34  Drone  
  38  4:56  Spine Crawler  
  36  5:04  Spine Crawler  
  35  5:11  Zergling x2  
  35  5:12  Zergling x4  
  39  5:14  Zergling x10  
  39  5:15  Zergling x8  
  47  5:30  Overlord x2  
  43  5:50  Drone x3  
  43  5:52  Extractor  
  45  5:57  Spire  
  45  5:59  Extractor  
  45  6:00  Drone x2  
  45  6:01  Drone  
  45  6:02  Drone  
  47  6:21  Drone x2  
  47  6:24  Drone x4  
  53  6:27  Extractor  
  53  6:28  Overlord x2  
  52  6:34  Drone  
  53  6:56  Drone x4  
  53  6:58  Hatchery  
  56  7:07  Hatchery, Overlord  
  55  7:08  Drone  
  55  7:11  Mutalisk x2  
  55  7:13  Mutalisk  
  62  7:18  Mutalisk  
  62  7:21  Mutalisk  
  66  7:27  Drone x2  
  66  7:28  Drone  
  69  7:30  Mutalisk  
  69  7:34  Zerg Flyer Weapons Level 1  
  71  7:40  Infestation Pit  
  71  7:41  Drone  
  71  7:42  Drone  
  72  7:59  Drone x4  
  72  8:01  Mutalisk x3  
  82  8:17  Mutalisk x2  
  82  8:18  Mutalisk  
  88  8:41  Mutalisk x2  
  88  8:42  Zergling x4  
  88  8:43  Zergling x2  
  95  8:56  Hive  
  95  8:57  Drone  
  95  8:58  Overlord  
  95  8:59  Overlord x4  
  64  9:43  Mutalisk x2  
  64  9:44  Mutalisk  
  64  9:45  Drone x4  
  69  9:46  Drone x5  
  76  10:07  Spine Crawler  
  76  10:09  Spine Crawler  
  74  10:14  Viper  
  74  10:15  Viper  
  74  10:16  Zergling x4  
  74  10:17  Drone x2  
  74  10:18  Drone, Zergling x2  
  86  10:26  Extractor  
  86  10:27  Extractor  
  84  10:29  Corruptor x3  
  90  10:52  Spore Crawler  
  90  10:56  Spore Crawler  
  83  11:07  Zerg Flyer Armor Level 1  
  83  11:15  Hatchery  
  82  11:20  Drone x3  
  82  11:21  Zergling x2  
  82  11:22  Zergling x18  
  95  11:30  Hydralisk Den  
  95  11:31  Ultralisk Cavern  
  93  11:35  Evolution Chamber  
  93  11:37  Evolution Chamber  
  93  11:38  Spore Crawler  
  93  11:39  Spore Crawler  
  89  11:44  Mutalisk x3  
  89  12:09  Queen  
  89  12:10  Drone x2  
  89  12:11  Drone  
  89  12:13  Spore Crawler  
  84  12:24  Viper x2  
  84  12:25  Zergling x4  
  84  12:26  Zergling x12  
  97  12:33  Hatchery  
  96  12:39  Hydralisk x2  
  96  12:40  Hydralisk x2  
  96  12:43  Zerg Missile Weapons Level 1  
  104  12:47  Hatchery  
  104  12:49  Evolution Chamber  
  104  12:51  Drone  
  103  12:56  Drone  
  104  13:07  Drone  
  105  13:16  Hatchery  
  105  13:17  Zerg Melee Weapons Level 1  
  104  13:27  Hydralisk x4  
  104  13:28  Hydralisk x2  
  104  13:58  Drone x5  
  104  13:59  Mutalisk x2, Corruptor  
  104  14:00  Zergling x6  
  104  14:01  Zergling x6  
  114  14:09  Corruptor  
  108  14:23  Mutalisk x2  
  106  14:25  Zergling x4  
  106  14:26  Drone x5  
  106  14:27  Drone  
  110  14:34  Spore Crawler  
  103  14:53  Mutalisk  
  103  14:54  Mutalisk, Corruptor x2  
  103  14:56  Drone x6  
  103  14:57  Drone x2  
  119  15:11  Zerg Ground Armor Level 1  
  99  15:19  Corruptor x3  
  99  15:20  Corruptor  
  96  15:21  Drone x4  
  96  15:22  Drone x5  
  96  15:27  Viper  
  97  15:48  Drone x6  
  97  15:49  Drone x3  
  99  16:01  Zergling x8  
  99  16:02  Zergling x4  
  105  16:05  Drone x2, Zergling x2, Corruptor  
  99  16:28  Corruptor x3  
  99  16:30  Drone x2  
  99  16:31  Drone x5  
Show
View Real Time Build Order
Export as new Build Order

agliza Terran - Winner!

Build Orders: Hellion Opening 

Get SALT Encoding   

  12  0:00  SCV  
  13  0:12  SCV  
  14  0:18  Supply Depot  
  14  0:24  SCV  
  15  0:32  Refinery  
  15  0:40  SCV  
  16  0:46  Barracks  
  16  0:52  SCV  
  18  1:04  SCV  
  18  1:16  SCV  
  18  1:29  SCV  
  19  1:39  Factory  
  19  1:42  Orbital Command  
  19  1:51  Barracks Reactor  
  19  2:07  SCV  
  20  2:14  Command Center  
  20  2:19  Supply Depot  
  20  2:26  SCV  
  20  2:27  Factory Reactor  
  21  2:35  Hellion  
  23  2:41  SCV, Hellion  
  23  2:43  Supply Depot  
  26  2:52  Refinery  
  26  2:53  SCV  
  26  2:58  Hellion  
  29  3:03  Hellion  
  31  3:08  SCV  
  31  3:12  Supply Depot  
  32  3:15  Marine  
  32  3:19  Hellion  
  35  3:24  Hellion  
  37  3:31  Orbital Command  
  37  3:35  Marine  
  37  3:36  SCV  
  38  4:04  Hellion x2  
  38  4:05  Barracks Tech Lab  
  38  4:08  SCV  
  43  4:10  SCV  
  44  4:22  SCV  
  44  4:23  SCV  
  46  4:34  Marine x2  
  46  4:35  Siege Tank  
  46  4:36  Barracks  
  49  5:02  Marine  
  49  5:03  Marine  
  49  5:04  SCV x2  
  51  5:20  Marine x2  
  53  5:24  SCV, Supply Depot  
  53  5:25  Refinery x2, SCV, Command Center  
  53  5:26  Barracks Reactor  
  53  5:28  Siege Tank  
  56  5:31  Barracks  
  56  5:37  SCV x2  
  58  5:49  SCV  
  59  5:50  SCV  
  60  6:01  SCV, Hellion  
  60  6:03  SCV  
  64  6:04  Marine x3  
  64  6:05  Marine  
  64  6:08  Engineering Bay  
  64  6:09  Engineering Bay  
  68  6:13  SCV  
  68  6:15  SCV  
  70  6:24  Supply Depot  
  70  6:25  Barracks Tech Lab, Supply Depot  
  70  6:37  Orbital Command, Marine x3, SCV x2  
  75  6:49  SCV x2, Siege Tank  
  75  6:50  Supply Depot  
  80  6:55  Marine x4  
  80  6:58  Supply Depot, Stimpack  
  80  6:59  Marine, Supply Depot  
  85  7:01  SCV x2  
  85  7:03  SCV  
  88  7:10  Factory  
  88  7:13  SCV x2  
  90  7:23  Terran Infantry Armor Level 1, Terran Infantry Weapons Level 1  
  90  7:27  SCV x2  
  90  7:28  SCV, Armory  
  93  7:31  Marine x2  
  93  7:32  Marine  
  93  7:33  Marine  
  93  7:34  Marine  
  98  7:39  Missile Turret  
  98  7:41  Sensor Tower  
  98  7:42  Missile Turret  
  98  7:44  SCV x3  
  102  7:58  SCV x3  
  102  7:59  Supply Depot  
  102  8:00  Supply Depot  
  102  8:01  Marine  
  102  8:02  Marine x2  
  102  8:03  Hellion  
  109  8:09  Armory  
  109  8:17  Marine x2  
  109  8:18  Terran Vehicle Weapons Level 1  
  109  8:19  Marine  
  112  8:21  Factory Tech Lab  
  112  8:29  Supply Depot  
  110  8:39  SCV x2  
  111  8:42  Missile Turret  
  111  8:48  SCV  
  112  8:51  SCV x2  
  112  8:54  Refinery  
  112  8:55  Refinery  
  114  8:57  Marine x4  
  114  8:58  Marine  
  114  9:00  SCV  
  120  9:04  Terran Vehicle And Ship Armor Level 1  
  120  9:15  Marine x5  
  120  9:16  Barracks x2  
  121  9:17  Barracks  
  121  9:19  Thor  
  121  9:22  Siege Tank  
  121  9:24  Combat Shield  
  114  9:33  Marine x5  
  104  9:46  Missile Turret  
  104  9:47  Missile Turret  
  104  9:50  Marine, Missile Turret  
  104  9:51  Marine  
  104  9:52  Missile Turret x2  
  106  9:53  Missile Turret  
  106  9:54  Factory, Command Center  
  106  9:55  Sensor Tower  
  106  9:56  Missile Turret  
  109  10:00  Siege Tank  
  109  10:02  Siege Tank  
  91  10:20  Marine  
  91  10:21  Marine x3  
  94  10:23  Marine x4  
  98  10:38  Marine  
  94  10:43  Concussive Shells  
  78  10:55  Marine x2  
  78  10:56  Marine x2  
  78  10:57  Marine x4  
  76  11:01  Siege Tank x2  
  76  11:03  SCV  
  76  11:04  SCV  
  88  11:13  Marine x3  
  88  11:14  Marine x2  
  89  11:18  Orbital Command  
  89  11:23  Terran Infantry Weapons Level 2  
  89  11:24  Terran Infantry Armor Level 2  
  89  11:28  Barracks Reactor x2  
  89  11:29  Barracks Reactor  
  89  11:31  Marine x3  
  89  11:32  Marine x2  
  89  11:33  Siege Tank x2  
  90  11:47  SCV  
  90  11:48  SCV x2  
  90  11:49  Marine x3  
  90  11:50  Marine x2  
  98  12:00  Starport, SCV x2, Factory  
  100  12:02  Starport  
  100  12:13  Marine x3  
  101  12:19  Siege Tank x2  
  106  12:29  Marine x4  
  102  12:30  Marine x4  
  106  12:39  Marine  
  102  12:51  Siege Tank x2  
  107  12:52  SCV x3  
  107  12:55  Marine x2  
  107  12:56  Marine x3  
  107  12:58  Factory Tech Lab, Starport Reactor x2  
  115  13:01  Orbital Command  
  115  13:04  SCV  
  116  13:06  SCV x2  
  116  13:09  Refinery  
  118  13:15  Refinery  
  118  13:16  SCV, Missile Turret  
  118  13:18  SCV x2  
  118  13:19  Missile Turret  
  121  13:23  Missile Turret, Siege Tank x2  
  121  13:24  Sensor Tower, Missile Turret  
  121  13:25  Terran Vehicle Weapons Level 2  
  121  13:27  Terran Vehicle And Ship Armor Level 2  
  127  13:28  SCV  
  127  13:29  Missile Turret  
  127  13:30  SCV x2  
  127  13:31  Missile Turret  
  130  13:36  Supply Depot x2  
  130  13:37  Supply Depot  
  130  13:40  SCV  
  131  13:55  Siege Tank  
  134  14:00  Refinery, Marine  
  134  14:01  Marauder, Marine x4  
  134  14:02  Marine x5  
  146  14:18  Marine x2  
  146  14:19  Marine x4  
  146  14:22  Marauder  
  146  14:23  Marine x4  
  154  14:36  Marine x3  
  154  14:37  Marine x3  
  154  14:40  Medivac  
  154  14:41  Medivac x3  
  154  14:44  Marauder  
  164  15:03  Marine  
  164  15:04  Marine x3  
  164  15:05  Marine x2  
  160  15:10  Medivac  
  160  15:13  Marine x2  
  124  15:14  Marine x3  
  124  15:21  Marine  
  118  15:22  Marine x3  
  118  15:23  Marine x2  
  120  15:29  Siege Tank  
  120  15:31  Marine x2  
  120  15:32  Marine x3  
  127  15:39  Marine  
  127  15:40  Marine x3  
  127  15:41  Marine x2  
  133  15:48  Siege Tank x2  
  133  15:49  Marine x2  
  141  15:50  Marine x2  
  141  15:51  Marauder  
  141  15:57  Marine  
  142  15:58  Marine x3  
  142  15:59  Marine x2  
  148  16:07  Marine x2  
  148  16:08  Marine x2  
  152  16:11  Marine  
  152  16:14  Marine  
  152  16:16  Marine x3  
  152  16:17  Marine x2  
  159  16:25  Marine x4  
  161  16:29  Marine  
  164  16:47  Marine  
  164  16:48  Marine  
  164  16:52  Marine x5  
  164  16:53  Marine  
Show
View Real Time Build Order
Export as new Build Order

LaretS Zerg - Winner!

Build Orders: Hatch First, Brood Lord Corruptor 

Get SALT Encoding   

  12  0:00  Drone  
  13  0:08  Drone  
  14  0:20  Overlord  
  14  0:39  Drone x3  
  17  0:57  Hatchery  
  17  0:59  Drone  
  17  1:05  Extractor  
  16  1:15  Spawning Pool  
  15  1:20  Drone  
  15  1:21  Drone  
  17  1:30  Drone  
  18  1:44  Drone x2  
  20  2:02  Queen  
  20  2:07  Metabolic Boost  
  22  2:12  Queen  
  22  2:15  Drone x3  
  27  2:21  Overlord  
  27  2:28  Zergling x2  
  28  2:30  Overlord  
  28  2:41  Drone x2  
  31  2:58  Drone x2  
  31  2:59  Drone  
  31  3:01  Lair  
  31  3:04  Roach Warren  
  32  3:27  Drone x4  
  33  3:32  Zergling x2  
  33  3:33  Zergling x10  
  42  3:37  Drone  
  43  3:53  Drone  
  44  3:56  Overlord x2  
  44  4:04  Overlord x4  
  44  4:08  Glial Reconstitution  
  44  4:27  Roach x7  
  44  4:29  Zergling x2  
  58  4:48  Zergling x2  
  58  4:49  Zergling x10  
  60  4:58  Roach  
  60  4:59  Roach  
  63  5:11  Extractor  
  62  5:14  Extractor  
  62  5:16  Extractor  
  62  5:19  Drone x4  
  64  5:25  Hatchery  
  63  5:29  Drone x2  
  61  5:45  Drone x2  
  61  5:46  Drone x4  
  66  5:51  Drone  
  67  6:10  Spire  
  66  6:12  Drone x8  
  74  6:33  Drone  
  74  6:34  Drone x5  
  80  6:41  Queen  
  82  6:50  Spine Crawler  
  82  6:51  Spore Crawler  
  82  6:53  Spore Crawler  
  79  7:11  Evolution Chamber  
  78  7:15  Evolution Chamber  
  78  7:22  Infestation Pit  
  76  7:23  Corruptor  
  76  7:24  Corruptor x7  
  76  7:26  Zergling x10  
  97  7:44  Overlord x4  
  97  7:46  Extractor  
  97  7:49  Extractor  
  95  7:56  Drone  
  95  7:57  Drone  
  97  8:11  Spore Crawler  
  96  8:18  Overlord  
  96  8:23  Zerg Flyer Armor Level 1  
  95  8:30  Corruptor x2  
  95  8:31  Corruptor x3  
  95  8:32  Zergling x2  
  95  8:33  Zergling x12  
  112  8:35  Zerg Melee Weapons Level 1  
  111  8:42  Overseer  
  111  8:56  Pneumatized Carapace  
  111  9:13  Zergling x24  
  111  9:14  Zergling x2  
  124  9:22  Hive  
  124  9:28  Hatchery  
  107  9:58  Zerg Ground Armor Level 1  
  107  9:59  Corruptor  
  107  10:03  Corruptor x3  
  107  10:04  Corruptor x4  
  94  10:15  Zergling x6  
  94  10:16  Zergling x16  
  104  10:52  Zergling x2  
  104  10:53  Zergling x16  
  110  10:58  Adrenal Glands  
  110  10:59  Zerg Melee Weapons Level 2  
  110  11:01  Queen  
  107  11:05  Zergling x12  
  113  11:19  Greater Spire  
  99  12:34  Brood Lord x5  
  99  12:35  Brood Lord x5  
  119  12:38  Zerg Flyer Armor Level 2  
  119  12:39  Zerg Ground Armor Level 2  
  119  12:41  Zergling x2  
  119  12:43  Overlord x6  
  120  13:15  Drone  
  120  13:16  Drone x5  
  120  13:17  Drone x4  
  120  13:19  Spore Crawler  
  112  14:00  Overlord x4  
  112  14:01  Overlord x10  
  105  14:03  Corruptor  
  76  14:27  Corruptor x3  
  82  14:36  Queen  
  82  14:37  Spine Crawler  
  75  15:01  Corruptor  
  75  15:02  Corruptor x9  
  89  15:47  Corruptor  
  89  15:48  Corruptor x4  
  95  16:05  Corruptor x2  
  90  16:25  Drone  
  90  16:26  Drone  
  90  16:27  Drone x6  
Tags
 
Add a new tag
Caveats
  • Supply blocks, unpowered buildings, or Contaminate may cause inaccurate times.
  • Supply counts are checked every 10 seconds.